 Dungeon Crawl Stone Soup version 0.22-a0-224-g8cf3520 (webtiles) character file.

956 tidbits the Ducker (level 8, -2/67 HPs)
             Began as a Gnoll Monk on Feb 20, 2018.
             Was a Believer of Cheibriados.
             Slain by a wight
             ... wielding a +3 scimitar
              (9 damage)
             ... on level 7 of the Dungeon.
             The game lasted 00:08:01 (715 turns).

tidbits the Ducker (Gnoll Monk)                      Turns: 715, Time: 00:08:03

Health: -2/67      AC:  3    Str: 19    XL:     8   Next: 14%
Magic:  9/12       EV: 18    Int: 20    God:    Cheibriados [**....]
Gold:   144        SH:  0    Dex: 22    Spells: 12/12 levels left

rFire    . . .     SeeInvis .   f - +1 war axe (venom)
rCold    . . .     Gourm    .   (no shield)
rNeg     . . .     Faith    .   B - +1 robe
rPois    .         Spirit   .   (no helmet)
rElec    .         Reflect  .   (no cloak)
rCorr    .         Harm     .   (no gloves)
MR       .....                  (no boots)
Stlth    +++.......             (no amulet)
HPRegen  0.21/turn              (no ring)
MPRegen  0.13/turn              (no ring)

@: drained, very slow
A: distributed training, fangs 1, strong nose
a: Bend Time, Renounce Religion


You were on level 7 of the Dungeon.
You worshipped Cheibriados.
Cheibriados was pleased with you.
You were not hungry.

You visited 2 branches of the dungeon, and saw 9 of its levels.

You collected 144 gold pieces.

Inventory:

Hand Weapons
 a - a +1 short sword
 b - a +0 shortbow
 d - a +1 hunting sling of flaming
   (You found it on level 8 of the Dungeon)
 f - a +1 war axe of venom (weapon)
   (You found it on level 7 of the Dungeon)
 g - a +0 dagger
Missiles
 e - 22 arrows
Armour
 B - a +1 robe (worn)
Scrolls
 h - a scroll of noise
Comestibles
 c - 3 rations


   Skills:
 + Level 7.2(6.7) Fighting
 + Level 7.2(6.7) Short Blades
 + Level 2.9(2.4) Long Blades
 + Level 2.9(2.4) Axes
 + Level 2.9(2.4) Maces & Flails
 + Level 2.9(2.4) Polearms
 + Level 2.9(2.4) Staves
 + Level 2.9(2.4) Slings
 + Level 2.9(2.4) Bows
 + Level 2.9(2.4) Crossbows
 + Level 2.9(2.4) Throwing
 + Level 2.9(2.4) Armour
 + Level 7.2(6.7) Dodging
 + Level 5.1(4.6) Stealth
 + Level 2.9(2.4) Shields
 + Level 2.9(2.4) Unarmed Combat
 + Level 2.9(2.4) Spellcasting
 + Level 2.3(1.9) Conjurations
 + Level 2.3(1.9) Hexes
 + Level 2.3(1.9) Charms
 + Level 2.3(1.9) Summonings
 + Level 2.3(1.9) Necromancy
 + Level 2.3(1.9) Translocations
 + Level 2.3(1.9) Transmutations
 + Level 2.3(1.9) Fire Magic
 + Level 2.3(1.9) Ice Magic
 + Level 2.3(1.9) Air Magic
 + Level 2.3(1.9) Earth Magic
 + Level 2.3(1.9) Poison Magic
 + Level 3.2(2.7) Invocations
 + Level 2.9(2.4) Evocations


You had 12 spell levels left.
You didn't know any spells.

Dungeon Overview and Level Annotations

Branches:
Dungeon (8/15)             Temple (1/1) D:5
   Lair: D:8-11

Altars:
Cheibriados
Elyvilon
Fedhas
Okawaru

Shops:
D:6 [[


Innate Abilities, Weirdness & Mutations

Your experience applies equally to all skills.
You have very sharp teeth.
Your uncanny sense of smell can sniff out nearby items.


Message History

The centaur is lightly wounded.
The centaur closely misses you.
You hit the centaur but do no damage. Your bite misses the centaur.
The centaur is lightly wounded.
The centaur barely misses you.
You closely miss the centaur.
The centaur is lightly wounded.
The centaur closely misses you.
You hit the centaur.
The centaur is moderately wounded.
The centaur misses you.
You puncture the centaur!
The centaur is severely wounded.
The centaur hits you with a spear!
* * * LOW HITPOINT WARNING * * *
The centaur misses you.
You hit the centaur.
The centaur is severely wounded.
The centaur misses you.
You completely miss the centaur.
You punch the centaur, but do no damage.
The centaur is severely wounded.
The centaur barely misses you.
You hit the centaur.
You kill the centaur!
Cheibriados thoroughly appreciates the change of pace.
Items here: ( )) † a spear; a shortbow; 22 arrows; a centaur corpse
b - a shortbow;
e - 22 arrows
Found an escape hatch in the ceiling.
You see here a runed war axe.
f - a runed war axe You see here 19 gold pieces.
You now have enough gold to buy a +0 buckler of protection on D:6.
You can access your shopping list by pressing '$'.
You now have 128 gold pieces (gained 19).
Found 16 gold pieces.
You see here a scroll labeled LAEKIAN ASHRU.
As you read the scroll labeled LAEKIAN ASHRU, it crumbles to dust.
You feel as if something is helping you.
It was a scroll of remove curse.
Wield which item (- for none, * to show all)? (? for menu, Esc to quit)
Your +1 war axe of venom begins to drip with poison!
f - a +1 war axe of venom (weapon)
Drop what? 10/52 slots (_ for help) (? for menu, Esc to quit)
You remove your amulet of inaccuracy.
You drop an uncursed amulet of inaccuracy.
You see here 16 gold pieces.
You now have 144 gold pieces (gained 16).
You hear a distant blaring wail to the northeast.
Found 16 stones and 5 large rocks.
A wight comes into view. It is wielding a trident.
A wight comes into view.
It is wielding a hand axe of electrocution.
The wight misses you.
You hit the wight but do no damage. You bite the wight, but do no damage.
The wight barely misses you.
You barely miss the wight. Your bite misses the wight.
The wight barely misses you. The wight closely misses you.
You slash the wight!
The wight is severely damaged.
The wight barely misses you.
A wight comes into view. It is wielding an enchanted scimitar.
You barely miss the wight. You bite the wight, but do no damage.
The wight is severely damaged.
The wight barely misses you.
You barely miss the wight.
The wight is severely damaged.
You hit the wight but do no damage. The wight hits you but does no damage.
You are electrocuted!
* * * LOW HITPOINT WARNING * * *
The wight hits you with an enchanted scimitar!
* * * LOW HITPOINT WARNING * * *
You feel drained.
* * * LOW HITPOINT WARNING * * *
The flow of time bends around you.
Cheibriados rebukes the wight.
The wight seems to slow down.
Cheibriados rebukes the wight.
The wight seems to slow down.
You feel slightly more hungry.
The wight hits you with a hand axe of electrocution!
* * * LOW HITPOINT WARNING * * *
You feel drained.
* * * LOW HITPOINT WARNING * * *
A wight comes into view. It is wielding a halberd.
Press: ? - help, v - describe, . - travel, g - get item
Here: a wight, wielding an enchanted scimitar and wearing a robe (slow) 16 stones.
The floor.
Press: ? - help, v - describe, . - travel
Here: a wight, wielding a hand axe of electrocution and wearing a robe (severely damaged, slow)
The floor.
You hit the wight.
The wight is almost destroyed.
You hit the wight but do no damage. The wight completely misses you.
The wight closely misses you.
You hit the wight.
You destroy the wight!
You closely miss the wight. The wight completely misses you.
The wight hits you with an enchanted scimitar!
You die...

.# #.# .. #.# .. .#.##
. #### .... .# ...##
#.##.## ###.#
.#..#####..#...##.z.#
..#........###.)@z##
#......##...####...#
......<.##..# ##.#.#
.........##.###..#z#
.........##..##.##.#..
.........##............
..
....."...##(##...##....
..######
.......................
......#.
........##....#.......
.>......


You could see 3 wights.

Vanquished Creatures
  2 ice beasts (D:7)
  2 black bears
  2 ogres
  A phantom (D:4)
  A centaur (D:7)
  A bullfrog (D:8)
  A wight (D:7)
  A crimson imp (D:5)
  A centaur skeleton (D:6)
  An iguana (D:5)
  2 worker ants (D:7)
  An adder (D:3)
  A leopard gecko (D:3)
  An orc (D:5)
  2 giant cockroaches
  8 jackals
  A bat (D:3)
  2 rats (D:3)
31 creatures vanquished.

Notes
Turn   | Place    | Note
-------+----------+-------------------------------------------
     0 | D:1      | tidbits the Gnoll Monk began the quest for the Orb.
     0 | D:1      | Reached XP level 1. HP: 23/23 MP: 1/1
    41 | D:3      | Found an iron altar of Okawaru.
    58 | D:3      | Reached XP level 2. HP: 29/29 MP: 2/2
   123 | D:3      | You fall through a shaft!
   123 | D:4      | Noticed a phantom
   130 | D:4      | Killed a phantom
   130 | D:4      | Reached skill level 1 in Long Blades
   130 | D:4      | Reached skill level 1 in Axes
   130 | D:4      | Reached skill level 1 in Maces & Flails
   130 | D:4      | Reached skill level 1 in Polearms
   130 | D:4      | Reached skill level 1 in Staves
   130 | D:4      | Reached skill level 1 in Slings
   130 | D:4      | Reached skill level 1 in Bows
   130 | D:4      | Reached skill level 1 in Crossbows
   130 | D:4      | Reached skill level 1 in Throwing
   130 | D:4      | Reached skill level 1 in Armour
   130 | D:4      | Reached skill level 1 in Shields
   130 | D:4      | Reached skill level 1 in Unarmed Combat
   130 | D:4      | Reached skill level 1 in Spellcasting
   130 | D:4      | Reached skill level 1 in Conjurations
   130 | D:4      | Reached skill level 1 in Hexes
   130 | D:4      | Reached skill level 1 in Charms
   130 | D:4      | Reached skill level 1 in Summonings
   130 | D:4      | Reached skill level 1 in Necromancy
   130 | D:4      | Reached skill level 1 in Translocations
   130 | D:4      | Reached skill level 1 in Transmutations
   130 | D:4      | Reached skill level 1 in Fire Magic
   130 | D:4      | Reached skill level 1 in Ice Magic
   130 | D:4      | Reached skill level 1 in Air Magic
   130 | D:4      | Reached skill level 1 in Earth Magic
   130 | D:4      | Reached skill level 1 in Poison Magic
   130 | D:4      | Reached skill level 1 in Invocations
   130 | D:4      | Reached skill level 1 in Evocations
   130 | D:4      | Reached XP level 3. HP: 26/35 MP: 2/4
   130 | D:4      | Reached XP level 4. HP: 31/41 MP: 2/5
   163 | D:5      | Entered Level 5 of the Dungeon
   171 | D:5      | Found a staircase to the Ecumenical Temple.
   176 | D:5      | Noticed an ogre
   178 | Temple   | Entered the Ecumenical Temple
   187 | Temple   | Became a worshipper of Cheibriados the Contemplative
   187 | Temple   | Reached * piety under Cheibriados
   187 | Temple   | Reached ** piety under Cheibriados
   209 | D:5      | Killed an ogre
   209 | D:5      | Reached XP level 5. HP: 17/47 MP: 5/7
   261 | D:6      | Found Maneasestru's Armour Emporium.
   273 | D:6      | Noticed a black bear
   285 | D:6      | Killed a black bear
   285 | D:6      | Reached skill level 2 in Invocations
   285 | D:6      | Reached XP level 6. HP: 7/53 MP: 8/8
   299 | D:5      | Reached skill level 2 in Long Blades
   299 | D:5      | Reached skill level 2 in Axes
   299 | D:5      | Reached skill level 2 in Maces & Flails
   299 | D:5      | Reached skill level 2 in Polearms
   299 | D:5      | Reached skill level 2 in Staves
   299 | D:5      | Reached skill level 2 in Slings
   299 | D:5      | Reached skill level 2 in Bows
   299 | D:5      | Reached skill level 2 in Crossbows
   299 | D:5      | Reached skill level 2 in Throwing
   299 | D:5      | Reached skill level 2 in Armour
   299 | D:5      | Reached skill level 2 in Shields
   299 | D:5      | Reached skill level 2 in Unarmed Combat
   299 | D:5      | Reached skill level 2 in Spellcasting
   299 | D:5      | Reached skill level 2 in Evocations
   358 | D:7      | HP: 5/53 [poisoned by a worker ant]
   367 | D:6      | HP: 5/53 [poisoned by a worker ant]
   372 | D:6      | HP: 5/53 [poisoned by a worker ant]
   380 | D:6      | HP: 5/53 [poisoned by a worker ant]
   385 | D:6      | HP: 5/53 [giant cockroach (1)]
   395 | D:6      | HP: 1/53 [centaur skeleton (6)]
   458 | D:6      | Found Hasos's Antique Armour Emporium.
   461 | D:7      | Noticed an ice beast
   462 | D:7      | Killed an ice beast
   462 | D:7      | Reached XP level 7. HP: 19/59 MP: 10/10
   499 | D:7      | Reached skill level 7 in Fighting
   499 | D:7      | Reached skill level 7 in Short Blades
   499 | D:7      | Reached skill level 7 in Dodging
   499 | D:7      | Reached skill level 2 in Conjurations
   499 | D:7      | Reached skill level 2 in Hexes
   499 | D:7      | Reached skill level 2 in Charms
   499 | D:7      | Reached skill level 2 in Summonings
   499 | D:7      | Reached skill level 2 in Necromancy
   499 | D:7      | Reached skill level 2 in Translocations
   499 | D:7      | Reached skill level 2 in Transmutations
   499 | D:7      | Reached skill level 2 in Fire Magic
   499 | D:7      | Reached skill level 2 in Ice Magic
   499 | D:7      | Reached skill level 2 in Air Magic
   499 | D:7      | Reached skill level 2 in Earth Magic
   499 | D:7      | Reached skill level 2 in Poison Magic
   533 | D:8      | Reached skill level 5 in Stealth
   602 | D:7      | Reached skill level 3 in Invocations
   658 | D:7      | Reached XP level 8. HP: 35/67 MP: 12/12
   715 | D:7      | Slain by a wight

Vault maps used:
D:1:      eino_arrival_water_cross, minmay_liquid_box
D:2:      first_ration
D:3:      okawaru_ov_weapons_minmay
D:4:      cheibrodos_old_hovel
D:5:      minmay_temple_entry_mist, sigmund_army, uniq_ijyb
D:6:      serial_shops, shop, shop, nicolae_shop_waterfront, shop,
          nicolae_shop_overgrown_old_shop
D:8:      lair_entry_dummy
Temple:   regret_index_temple_sigil_plot

Skill      XL: |  1  2  3  4  5  6  7 |
---------------+----------------------+-----
Long Blades    | 1 2 |  2.9
Axes           | 1 2 |  2.9
Maces & Flails | 1 2 |  2.9
Polearms       | 1 2 |  2.9
Staves         | 1 2 |  2.9
Slings         | 1 2 |  2.9
Bows           | 1 2 |  2.9
Crossbows      | 1 2 |  2.9
Throwing       | 1 2 |  2.9
Armour         | 1 2 |  2.9
Shields        | 1 2 |  2.9
Unarmed Combat | 1 2 |  2.9
Spellcasting   | 1 2 |  2.9
Conjurations   | 1 2 |  2.3
Hexes          | 1 2 |  2.3
Charms         | 1 2 |  2.3
Summonings     | 1 2 |  2.3
Necromancy     | 1 2 |  2.3
Translocations | 1 2 |  2.3
Transmutations | 1 2 |  2.3
Fire Magic     | 1 2 |  2.3
Ice Magic      | 1 2 |  2.3
Air Magic      | 1 2 |  2.3
Earth Magic    | 1 2 |  2.3
Poison Magic   | 1 2 |  2.3
Invocations    | 1 2 3 |  3.2
Evocations     | 1 2 |  2.9
Fighting       | 7 |  7.2
Short Blades   | 7 |  7.2
Dodging        | 7 |  7.2
Stealth        | 5 |  5.1

Action                   |  1- 3 |  4- 6 |  7- 9 || total
-------------------------+-------+-------+-------++-------
Melee: Short sword       |    17 |    63 |    68 ||   148
       Bite              |     1 |    10 |    12 ||    23
       Punch             |       |     2 |     2 ||     4
       War axe           |       |       |     7 ||     7
Invok: Bend Time         |       |     2 |     2 ||     4
  Use: Potion            |       |     2 |     2 ||     4
       Scroll            |       |       |     5 ||     5
 Stab: Sleeping          |     5 |     3 |     2 ||    10
Armor: Robe              |       |     3 |     7 ||    10
Dodge: Dodged            |     4 |    36 |    70 ||   110

Table legend:
 A = Spawn XP
 B = Non-spawn XP
 C = Spawn XP percentage of total XP
 D = Spawn monster count
 E = Non-spawn monster count
 F = Spawn count percentage of total count
 G = Total turns spent on level
                    A         B        C        D         E        F      G
               +---------+---------+-------+---------+---------+-------+---------
         Total |       0 |    1366 |   0.0 |       0 |      31 |   0.0 |   715
               +---------+---------+-------+---------+---------+-------+---------
           D:3 |       0 |      19 |   0.0 |       0 |       5 |   0.0 |    75
           D:4 |       0 |     118 |   0.0 |       0 |       1 |   0.0 |    66
           D:5 |       0 |     211 |   0.0 |       0 |       5 |   0.0 |   118
           D:6 |       0 |     172 |   0.0 |       0 |       3 |   0.0 |   140
           D:7 |       0 |     629 |   0.0 |       0 |      11 |   0.0 |   197
           D:8 |       0 |     217 |   0.0 |       0 |       6 |   0.0 |    79
               +---------+---------+-------+---------+---------+-------+---------

Table legend:
 A = Turns spent in this place as a percentage of turns spent in the entire game.
 B = Non-inter-level travel turns spent in this place as a percentage of non-inter-level travel turns spent in the entire game.
 C = Inter-level travel turns spent in this place as a percentage of turns spent in this place.
 D = Turns resting spent in this place as a percentage of non-inter-level travel turns spent in this place.
 E = Turns spent auto-exploring this place as a percentage of non-inter-level travel turns spent in this place.
 F = Non-inter-level travel turns spent in this place divided by the number of levels of this place that you've seen.
                   A       B       C       D       E      F
               +-------+-------+-------+-------+-------+----------------------
         Total | 100.0 | 100.0 |   0.0 |   0.0 |   0.0 |  79.4
       Dungeon |  97.5 |  97.5 |   0.0 |   0.0 |   0.0 |  87.1
        Temple |   2.5 |   2.5 |   0.0 |   0.0 |   0.0 |  18.0
               +-------+-------+-------+-------+-------+----------------------

Table legend:
 A = Kills in this place as a percentage of kills in entire the game.
 B = Kills by you in this place as a percentage of kills by you in the entire game.
 C = Kills by friends in this place as a percentage of kills by friends in the entire game.
 D = Other kills in this place as a percentage of other kills in the entire game.
 E = Experience gained in this place as a percentage of experience gained in the entire game.
 F = Experience gained in this place divided by the number of levels of this place that you have seen.
                   A       B       C       D       E      F
               +-------+-------+-------+-------+-------+----------------------
         Total | 100.0 | 100.0 |   N/A |   N/A | 100.0 | 151.8
       Dungeon | 100.0 | 100.0 |   N/A |   N/A | 100.0 | 170.8
               +-------+-------+-------+-------+-------+----------------------

Vault maps used:
D:1:      eino_arrival_water_cross, minmay_liquid_box
D:2:      first_ration
D:3:      okawaru_ov_weapons_minmay
D:4:      cheibrodos_old_hovel
D:5:      minmay_temple_entry_mist, sigmund_army, uniq_ijyb
D:6:      serial_shops, shop, shop, nicolae_shop_waterfront, shop,
          nicolae_shop_overgrown_old_shop
D:8:      lair_entry_dummy
Temple:   regret_index_temple_sigil_plot
